 Dungeon Crawl Stone Soup version 0.20.0-15-g7f486f2 (webtiles) character file.

79 straycat the Magician (level 4, -17/33 HPs)
             Began as a Vampire Wanderer on June 25, 2017.
             Demolished by an ogre
             ... wielding a +0 giant club
              (22 damage)
             ... on level 4 of the Dungeon.
             The game lasted 00:10:04 (2541 turns).

straycat the Magician (Vampire Wanderer)            Turns: 2541, Time: 00:10:05

Health: -17/33     AC:  6    Str: 13    XL:     4   Next: 16%
Magic:  11/11      EV: 11    Int: 11    God:
Gold:   73         SH:  0    Dex: 15    Spells: 10/13 levels left

rFire    . . .     SeeInvis +   d - +0 dagger
rCold    . . .     Gourm    .   (no shield)
rNeg     + . .     Faith    .   t - +0 ring mail
rPois    .         Spirit   .   (no helmet)
rElec    .         Reflect  .   (no cloak)
rCorr    .         Harm     .   p - +0 pair of gloves
MR       .....                  (no boots)
Stlth    ++........             (no amulet)
Regen    0.2/turn               (no ring)
MPRegen  0.2/turn               (no ring)

@: no status effects
A: fangs 3, see invisible, unbreathing
a: Bat Form


You were on level 4 of the Dungeon.
You were not thirsty.

You visited 1 branch of the dungeon, and saw 4 of its levels.

You collected 73 gold pieces.

Inventory:

Hand Weapons
 d - a +0 dagger (weapon)
Missiles
 e - 20 stones (quivered)
 f - 16 arrows
 j - 21 bolts
Armour
 l - a +0 scale mail
 p - a +0 pair of gloves (worn)
 r - a +0 shield
 t - a +0 ring mail (worn)
Wands
 g - a wand of lightning (5/15)
Scrolls
 b - a scroll of enchant weapon {unknown}
 i - 2 scrolls of enchant armour {unknown}
 k - a scroll of noise {unknown}
 n - a scroll of remove curse {unknown}
 o - a scroll of identify {unknown}
Potions
 c - a potion of agility {unknown}
 h - a potion of berserk rage {unknown}
 m - a potion of heal wounds {unknown}
 q - 6 potions of blood
 s - a potion of haste {unknown}
Books
 a - a book of Callings

   Spells                             Type                      Level
   a - Summon Small Mammal            Summoning                    1
   b - Call Imp                       Summoning                    2
   c - Call Canine Familiar           Summoning                    3
   d - Summon Guardian Golem          Hexes/Summoning              3
   e - Summon Lightning Spire         Summoning/Air                4
   f - Summon Ice Beast               Ice/Summoning                4


   Skills:
 + Level 2.1 Fighting
 + Level 0.0 Short Blades
 * Level 2.2 Dodging
 + Level 3.3 Stealth
 - Level 1.0 Shields
 - Level 5.0 Spellcasting
 - Level 1.0 Summonings
   Level 1.1 Necromancy
   Level 1.0 Earth Magic


You had 10 spell levels left.
You knew the following spells:

 Your Spells              Type           Power        Failure   Level  Hunger
a - Summon Guardian Gole  Hex/Summ       #.......     75%         3    ###....


Dungeon Overview and Level Annotations

Branches:
Dungeon (4/15)
 Temple: D:4-7

Altars:

Annotations:
D:3 simples's ghost, amateur SpEn


Innate Abilities, Weirdness & Mutations

You have razor-sharp teeth.
You have supernaturally acute eyesight. (SInv)
You can survive without breathing.


Message History

Found a stone staircase leading down.
The ogre shouts!
You hit the ogre. You bite the ogre.
The ogre is moderately wounded.
The ogre closely misses you.
You hit the ogre.
The ogre is heavily wounded.
You hit the ogre.
The ogre is heavily wounded.
The ogre closely misses you.
You hit the ogre.
The ogre is heavily wounded.
The ogre hits you with a giant club!!
Ouch! That really hurt!
* * * LOW HITPOINT WARNING * * *
You completely miss the ogre. You bite the ogre, but do no damage.
The ogre is heavily wounded.
The ogre hits you with a giant club!!
Ouch! That really hurt!
You die...

#### ..# #.# .
####.###>## ..##
#....@O...#
#........##.###.##
......#####.#
#..<<...#
.....>.######
....#.. ....... #
..##. ..## #.


You could see an ogre.

Vanquished Creatures
  Jessica (D:2)
  2 adders (D:2)
  2 worms (D:2)
  2 leopard geckos (D:2)
  A giant cockroach (D:1)
  3 goblins (D:2)
  4 hobgoblins
  2 kobolds
  4 bats (D:2)
  5 rats
26 creatures vanquished.

Notes
Turn   | Place    | Note
-------+----------+-------------------------------------------
     0 | D:1      | straycat the Vampire Wanderer began the quest for the Orb.
     0 | D:1      | straycat set off with: a book of Callings, a potion of curing, a +0 robe, a +0 dagger, a potion of blood
     0 | D:1      | Reached XP level 1. HP: 13/13 MP: 6/6
   774 | D:2      | Noticed Jessica
   786 | D:2      | Killed Jessica
   786 | D:2      | Reached skill level 1 in Fighting
   786 | D:2      | Reached skill level 1 in Dodging
   786 | D:2      | Reached XP level 2. HP: 9/21 MP: 8/8
   786 | D:2      | Reached XP level 3. HP: 11/26 MP: 9/9
  1052 | D:2      | Learned a level 3 spell: Summon Guardian Golem
  1986 | D:2      | Reached XP level 4. HP: 15/33 MP: 11/11
  2441 | D:3      | Noticed simples's ghost (amateur SpEn)
  2534 | D:4      | Noticed an ogre
  2541 | D:4      | Demolished by an ogre

Skill      XL: |  1  2  3 |
---------------+----------+-----
Stealth        | 3 |  3.3
Fighting       | 1 2 |  2.1
Dodging        | 1 2 |  2.2
Shields        | |  1.0
Spellcasting   | |  5.0
Summonings     | |  1.0
Necromancy     | |  1.1
Earth Magic    | |  1.0

Action                   |  1- 3 |  4- 6 || total
-------------------------+-------+-------++-------
Melee: Dagger            |   150 |    14 ||   164
       Bite              |    19 |     4 ||    23
 Cast: Summon Guardian G |     1 |       ||     1
  Use: Potion            |     6 |       ||     6
 Stab: Sleeping          |     3 |     1 ||     4
  Eat: Corpse            |     1 |       ||     1
Armor: Robe              |     8 |       ||     8
       Leather armour    |    18 |     1 ||    19
       Ring mail         |       |     1 ||     1
Dodge: Dodged            |    82 |     7 ||    89
